Map: Mech Depot LE

Players

llIllllIllll - Winner!

  • Race: Protoss Protoss
  • League: Master
  • Spawn Location: 1:00

Amzinoji

  • Race: Terran Terran
  • League: Diamond
  • Spawn Location: 7:00

VOD

Have the link to the VOD?

Description

Time

  • Played on: Sept. 6, 2017, 12:22 a.m.
  • Length: 16:22
Show
View Real Time Build Order
Export as new Build Order

llIllllIllll Protoss - Winner!

Build Orders:  

Get SALT Encoding   

  12  0:02  Probe (Chrono Boost)  
  14  0:14  Probe (Chrono Boost)  
  14  0:25  Pylon  
  14  0:26  Probe (Chrono Boost)  
  15  0:39  Probe (Chrono Boost)  
  15  0:47  Probe (Chrono Boost)  
  17  1:08  Nexus  
  17  1:15  Pylon  
  17  1:35  Gateway x2  
  17  1:39  Gateway  
  17  1:48  Pylon  
  17  2:09  Probe (Chrono Boost)  
  17  2:22  Probe (Chrono Boost), Zealot x2  
  22  2:26  Zealot  
  24  2:34  Probe (Chrono Boost)  
  25  2:38  Forge  
  24  2:46  Pylon  
  24  2:49  Zealot  
  24  2:50  Zealot  
  28  2:51  Pylon  
  28  3:07  Zealot  
  28  3:12  Photon Cannon  
  30  3:21  Probe (Chrono Boost)  
  24  3:28  Photon Cannon  
  24  3:31  Zealot  
  26  3:47  Photon Cannon x2  
  22  4:05  Photon Cannon  
  22  4:26  Zealot x2  
  24  5:17  Assimilator  
  24  5:21  Assimilator  
  23  5:23  Pylon  
  21  5:41  Forge  
  21  5:42  Gateway  
  21  5:43  Gateway  
  21  5:45  Gateway  
  21  5:49  Cybernetics Core  
  21  5:58  Pylon  
  21  6:01  Nexus  
  17  6:07  Pylon  
  16  6:23  Probe (Chrono Boost)  
  17  6:25  Pylon  
  17  6:35  Probe (Chrono Boost)  
  18  6:40  Adept x2  
  23  6:47  Probe (Chrono Boost)  
  23  6:54  Photon Cannon  
  25  7:18  Adept  
  25  7:22  Probe (Chrono Boost)  
  28  7:27  Adept  
  28  7:41  Stalker, Probe (Chrono Boost)  
  31  7:45  Probe (Chrono Boost), Pylon  
  31  7:49  Probe (Chrono Boost)  
  32  8:03  Probe (Chrono Boost)  
  32  8:04  Probe (Chrono Boost)  
  34  8:11  Probe (Chrono Boost)  
  34  8:14  Probe (Chrono Boost)  
  34  8:17  Probe (Chrono Boost)  
  36  8:20  Probe (Chrono Boost)  
  38  8:30  Probe (Chrono Boost)  
  39  8:38  Stalker x3  
  45  8:50  Probe (Chrono Boost)  
  45  8:52  Twilight Council  
  45  8:53  Assimilator  
  46  8:57  Assimilator  
  46  8:58  Probe (Chrono Boost)  
  46  9:01  Warp Gate  
  47  9:13  Stalker  
  47  9:14  Stalker, Blink  
  51  9:26  Stalker  
  53  9:35  Probe (Chrono Boost)  
  54  9:39  Probe (Chrono Boost)  
  54  9:43  Probe (Chrono Boost)  
  56  9:50  Stalker, Probe (Chrono Boost)  
  59  9:55  Probe (Chrono Boost)  
  59  9:56  Probe (Chrono Boost)  
  62  10:07  Probe (Chrono Boost)  
  62  10:29  Nexus  
  62  10:33  Pylon  
  62  10:50  Stalker x3  
  62  10:52  Probe (Chrono Boost)  
  69  11:29  Stalker  
  69  11:34  Pylon  
  69  11:36  Pylon  
  69  11:41  Stalker x2, Templar Archives  
  69  11:43  Probe (Chrono Boost), Gateway  
  69  11:44  Probe (Chrono Boost), Gateway  
  69  11:46  Pylon  
  74  11:49  Probe (Chrono Boost)  
  74  11:51  Probe (Chrono Boost)  
  77  11:54  Probe (Chrono Boost)  
  77  11:59  Assimilator  
  79  12:01  Probe (Chrono Boost), Assimilator  
  79  12:03  Probe (Chrono Boost)  
  79  12:06  Probe (Chrono Boost)  
  81  12:11  Pylon  
  81  12:13  Pylon, Psionic Storm  
  81  12:14  Probe (Chrono Boost)  
  82  12:34  High Templar x3  
  88  12:37  Pylon  
  88  12:59  High Templar x2  
  92  13:11  Stalker x3  
  98  13:23  Nexus  
  98  13:25  Pylon  
  98  13:29  Assimilator  
  98  13:32  Assimilator  
  98  13:44  Protoss Ground Weapons Level 1  
  98  13:51  Stalker x3  
  98  13:52  Stalker  
  98  13:53  Stalker  
  98  13:54  Probe (Chrono Boost)  
  108  13:56  Probe (Chrono Boost)  
  108  14:02  Probe (Chrono Boost)  
  110  14:03  Probe (Chrono Boost)  
  110  14:08  Probe (Chrono Boost)  
  113  14:14  Probe (Chrono Boost)  
  113  14:15  Probe (Chrono Boost)  
  115  14:19  Stalker x3  
  115  14:20  Stalker x2, Probe (Chrono Boost)  
  126  14:24  Robotics Facility  
  126  14:26  Robotics Facility  
  126  14:31  Pylon  
  127  14:32  Probe (Chrono Boost)  
  127  14:52  Stalker, High Templar  
  129  14:53  Stalker x3  
  138  15:00  Probe (Chrono Boost)  
  138  15:12  Probe (Chrono Boost)  
  135  15:24  Probe (Chrono Boost)  
  127  15:36  Probe (Chrono Boost)  
  115  16:04  Archon x2  
Show
View Real Time Build Order
Export as new Build Order

Amzinoji Terran 

Build Orders:  

Get SALT Encoding   

  12  0:00  SCV  
  13  0:13  SCV  
  14  0:17  Supply Depot  
  14  0:25  SCV  
  15  0:39  SCV  
  15  0:41  Barracks  
  16  0:47  Refinery  
  16  0:51  SCV  
  17  1:02  Supply Depot  
  17  1:03  SCV  
  18  1:15  SCV  
  19  1:28  Marine, Bunker  
  20  1:46  Marine  
  21  1:57  Barracks  
  21  1:58  Barracks  
  21  2:05  Orbital Command  
  21  2:26  Marine, Bunker  
  22  2:44  Marine  
  22  2:45  Marine  
  22  2:48  Barracks Tech Lab  
  24  3:02  Marine x2  
  22  3:21  Marine  
  22  3:22  Marine  
  25  3:30  Marauder  
  25  3:31  Orbital Command  
  25  3:39  Marine x2  
  27  3:51  Marauder  
  28  4:17  Marauder  
  25  4:35  Concussive Shells  
  10  5:12  Marauder, Marine x2  
  12  5:43  Orbital Command  
  12  5:47  Barracks Tech Lab, Barracks Reactor  
  10  6:11  SCV  
  11  6:23  SCV  
  10  6:25  Marine  
  8  6:35  SCV  
  9  6:47  SCV  
  10  6:59  SCV, Marine x3  
  10  7:00  Marine  
  15  7:12  SCV  
  15  7:30  Marine, Bunker  
  15  7:31  Marine x2  
  18  7:42  Bunker  
  18  7:46  SCV  
  19  8:09  Supply Depot, SCV  
  20  8:22  SCV  
  20  8:25  Supply Depot  
  21  8:34  SCV  
  22  8:46  SCV  
  23  8:58  SCV  
  24  9:03  Refinery  
  24  9:10  SCV  
  25  9:19  Engineering Bay  
  25  9:22  SCV  
  26  9:26  Marine x2  
  26  9:27  Marine x2  
  30  9:39  SCV  
  31  9:57  Command Center  
  31  10:06  SCV  
  32  10:15  Missile Turret  
  32  10:24  SCV  
  33  10:30  Refinery  
  33  10:32  Marauder, Barracks Tech Lab  
  35  10:36  SCV  
  36  10:47  Marine x2  
  36  10:48  SCV  
  39  11:00  Stimpack, SCV  
  40  11:10  Orbital Command  
  40  11:12  SCV  
  41  11:24  SCV  
  42  11:36  SCV  
  42  11:38  SCV  
  48  11:40  Marauder x2, Marine x2  
  48  11:42  Terran Infantry Weapons Level 1  
  50  11:47  Combat Shields  
  50  11:51  SCV  
  50  11:52  SCV  
  52  12:03  SCV  
  52  12:07  Sensor Tower  
  53  12:09  Marine x3  
  53  12:10  Marine  
  53  12:11  SCV  
  53  12:15  SCV  
  59  12:28  Factory  
  59  12:31  Marine  
  59  12:32  Marine x2  
  62  12:38  Supply Depot  
  62  12:42  Supply Depot  
  62  12:47  Supply Depot  
  62  12:59  SCV x2, Marine x2  
  62  13:00  Marauder x2  
  70  13:12  SCV x2  
  72  13:23  Marauder x2, Marine x2  
  72  13:25  Factory Reactor  
  78  13:27  Starport  
  78  13:32  SCV x2  
  79  13:40  Terran Infantry Armor Level 1  
  79  13:52  SCV x2  
  81  13:57  Refinery  
  81  13:59  Refinery  
  81  14:06  Barracks  
  81  14:08  Barracks  
  81  14:10  Barracks  
  80  14:17  Medivac x2  
  84  14:26  Supply Depot  
  84  14:33  Supply Depot  
  84  14:34  Supply Depot  
  84  14:35  Supply Depot  
  83  14:46  Marine x3  
  83  14:48  Marine, Medivac x2  
  91  14:55  Barracks Tech Lab  
  91  14:56  Barracks Tech Lab  
  91  14:58  Barracks Reactor  
  91  15:05  Supply Depot x2  
  91  15:08  Supply Depot  
  91  15:10  Supply Depot  
  83  15:32  Marauder x2, Marine x4  
  83  15:35  Marine x2  
  63  15:49  Marine  
  55  15:50  Marine x2  
  55  15:51  Marauder  
  55  15:53  Marine x3  
  55  15:54  Marauder  
Tags
 
Add a new tag
Caveats
  • Supply blocks, unpowered buildings, or Contaminate may cause inaccurate times.
  • Supply counts are checked every 10 seconds.